 Dungeon Crawl Stone Soup version 0.30-a0-913-g9934a0ce24 (webtiles) character file.

Game seed: 17029782319416438787

150 billz999 the Skirmisher (level 5, -12/43 HPs)
             Began as a Gnoll Hunter on Mar 20, 2023.
             Mangled by Menkaure (16 damage)
             ... in an ossuary.
             The game lasted 00:04:57 (1932 turns).

billz999 the Skirmisher (Gnoll Hunter)              Turns: 1932, Time: 00:04:57

Health: -12/43     AC:  3    Str: 11    XL:     5   Next: 32%
Magic:  7/7        EV: 13    Int: 10    God:
Gold:   187        SH:  0    Dex: 15    Spells: 7/7 levels left

rFire   . . .      SeeInvis .    a - +0 shortbow
rCold   . . .      Faith    .    (shield currently unavailable)
rNeg    . . .      Spirit   .    c - +0 leather armour
rPois   .          Reflect  .    (no helmet)
rElec   .          Rampage  .    (no cloak)
rCorr   .                        (no gloves)
Will    .....                    (no boots)
Stlth   ++                       (no amulet)
HPRegen 0.27/turn                (no ring)
MPRegen 0.10/turn                (no ring)

@: no status effects
A: fangs 1, strong nose, distributed training
a: no special abilities


You were in an ossuary.
You visited 1 branch of the dungeon, and saw 4 of its levels.
You also visited: Ossuary.

You collected 187 gold pieces.

Inventory:

Hand Weapons
 a - a +0 shortbow (weapon)
Armour
 c - a +0 leather armour (worn)
Jewellery
 p - a ring of poison resistance
Scrolls
 b - a scroll of immolation
 d - 2 scrolls of teleportation
 f - a scroll of poison
 k - 2 scrolls of identify
 n - a scroll of fear {unknown}
 o - a scroll of brand weapon {unknown}
 q - a scroll of torment {unknown}
Potions
 e - a potion of ambrosia {unknown}
 g - a potion of haste {unknown}
 h - a potion of curing {unknown}
 i - a potion of lignification {unknown}
 j - a potion of degeneration {unknown}
 l - a potion of flight {unknown}
 m - 2 potions of heal wounds {unknown}
 r - a potion of invisibility {unknown}


   Skills:
 + Level 4.8 Fighting
 + Level 1.5 Short Blades
 + Level 1.5 Long Blades
 + Level 1.5 Axes
 + Level 1.5 Maces & Flails
 + Level 1.5 Polearms
 + Level 1.5 Staves
 + Level 8.6 Ranged Weapons
 + Level 1.5 Throwing
 + Level 1.5 Armour
 + Level 4.8 Dodging
 + Level 2.8 Stealth
 + Level 1.5 Shields
 + Level 1.5 Unarmed Combat
 + Level 1.5 Spellcasting
 + Level 1.2 Conjurations
 + Level 1.2 Hexes
 + Level 1.2 Summonings
 + Level 1.2 Necromancy
 + Level 1.2 Translocations
 + Level 1.2 Transmutations
 + Level 1.2 Fire Magic
 + Level 1.2 Ice Magic
 + Level 1.2 Air Magic
 + Level 1.2 Earth Magic
 + Level 1.2 Poison Magic
 + Level 1.7 Invocations
 + Level 1.5 Evocations


You had 7 spell levels left.
You didn't know any spells.
Your spell library contained the following spells:

 Spells                   Type           Power      Damage    Failure   Level
 Ignite Poison            Fire/Tmut/Pois 3%         N/A       61%         3
 Kindle Blastsparks       Fire/Tloc/Air  6%         2d10      61%         3
 Freezing Cloud           Conj/Ice/Air   1%         6-21      100%        5


Dungeon Overview and Level Annotations

Branches:
Dungeon (4/15)            Ossuary (1/1)
 Temple: D:4-7

Altars:

Annotations:
Ossuary Menkaure


Innate Abilities, Weirdness & Mutations

You have very sharp teeth.
Your uncanny sense of smell can sniff out nearby items.
Your experience applies equally to all skills.


Message History

You shoot an arrow. The arrow hits the orc zombie.
You destroy the orc zombie!
A kobold skeleton comes into view.
You shoot an arrow. The arrow hits the kobold skeleton.
The kobold skeleton is moderately damaged.
You shoot an arrow. The arrow hits the kobold skeleton.
The kobold skeleton is severely damaged.
Menkaure grins.
You shoot an arrow. The arrow hits the kobold skeleton.
You destroy the kobold skeleton!
You shoot an arrow. The arrow hits the kobold skeleton!
You destroy the kobold skeleton!
No target in view!
No target in view!
Found seven items.
Found two gates leading back out of this place.
Menkaure grins.
Menkaure calls on the powers of darkness!
Your body is wracked with pain!
There is a large open door here.
You shoot an arrow. The arrow hits Menkaure.
Menkaure is lightly damaged.
You shoot an arrow. The arrow barely misses Menkaure.
Menkaure hits you!
You are too injured to fight recklessly!
You shoot an arrow. The arrow hits Menkaure!
Menkaure is moderately damaged.
You shoot an arrow. The arrow hits Menkaure.
Menkaure is heavily damaged.
Menkaure mumbles some strange words.
Menkaure seems to speed up.
You shoot an arrow. The arrow barely misses Menkaure.
Menkaure hits you!
* * * LOW HITPOINT WARNING * * *
Menkaure calls on the powers of darkness!
Your body is wracked with pain!
* * * LOW HITPOINT WARNING * * *
You shoot an arrow. The arrow hits Menkaure!
Menkaure is almost destroyed.
Menkaure barely misses you.
You shoot an arrow. The arrow barely misses Menkaure.
Menkaure hits you!
You die...

..##..##..##..##..##..##
.##..##..####.^##..##..##
##..##..##?.##..##..##..##
#..##..##?!??##..##..##..##
..##..##∆.!!.?##..##..##..##
.##..## ?∩∩?..##^.##..##..##
##.^## .!?....##..##..##..##
#..## .!?...M.##..##..##..##
..##############@'##..##..##..##
...................##..##..##..##
######################..##..##..#
.........................##^.##..
############################..##.
............................^..##
#################################


You could see Menkaure (fast).

Vanquished Creatures
  An iguana (D:4)
  3 mummies (Ossuary)
  A dart slug (D:2)
  6 orcs
  10 bats
  4 endoplasms
  A giant cockroach (D:1)
  4 goblins (D:1)
  2 hobgoblins
  3 quokkas
  4 ball pythons
  3 frilled lizards
  2 gnoll skeletons (Ossuary)
  4 gnoll zombies (Ossuary)
  4 goblin skeletons (Ossuary)
  2 goblin zombies (Ossuary)
  6 hobgoblin skeletons (Ossuary)
  6 hobgoblin zombies (Ossuary)
  A kobold (D:1)
  5 kobold skeletons (Ossuary)
  4 kobold zombies (Ossuary)
  7 orc skeletons (Ossuary)
  5 orc zombies (Ossuary)
  3 rats (D:1)
  A rat skeleton (Ossuary)
  4 rat zombies (Ossuary)
96 creatures vanquished.

Notes
Turn   | Place    | Note
-------+----------+-------------------------------------------
     0 | D:1      | billz999 the Gnoll Hunter began the quest for the Orb.
     0 | D:1      | Reached XP level 1. HP: 20/20 MP: 1/1
    55 | D:1      | Found a faded altar of an unknown god.
    85 | D:1      | Reached XP level 2. HP: 26/26 MP: 2/2
   767 | D:2      | Reached XP level 3. HP: 31/31 MP: 3/3
  1096 | D:3      | Reached skill level 1 in Invocations
  1103 | D:3      | Noticed a scorpion
  1315 | D:2      | Reached skill level 1 in Short Blades
  1315 | D:2      | Reached skill level 1 in Long Blades
  1315 | D:2      | Reached skill level 1 in Axes
  1315 | D:2      | Reached skill level 1 in Maces & Flails
  1315 | D:2      | Reached skill level 1 in Polearms
  1315 | D:2      | Reached skill level 1 in Staves
  1315 | D:2      | Reached skill level 1 in Throwing
  1315 | D:2      | Reached skill level 1 in Armour
  1315 | D:2      | Reached skill level 1 in Shields
  1315 | D:2      | Reached skill level 1 in Unarmed Combat
  1315 | D:2      | Reached skill level 1 in Spellcasting
  1315 | D:2      | Reached skill level 1 in Evocations
  1477 | D:4      | Found a sand-covered staircase.
  1488 | D:4      | Reached XP level 4. HP: 38/38 MP: 5/5
  1505 | Ossuary  | Entered an ossuary
  1508 | Ossuary  | Reached skill level 1 in Conjurations
  1508 | Ossuary  | Reached skill level 1 in Hexes
  1508 | Ossuary  | Reached skill level 1 in Summonings
  1508 | Ossuary  | Reached skill level 1 in Necromancy
  1508 | Ossuary  | Reached skill level 1 in Translocations
  1508 | Ossuary  | Reached skill level 1 in Transmutations
  1508 | Ossuary  | Reached skill level 1 in Fire Magic
  1508 | Ossuary  | Reached skill level 1 in Ice Magic
  1508 | Ossuary  | Reached skill level 1 in Air Magic
  1508 | Ossuary  | Reached skill level 1 in Earth Magic
  1508 | Ossuary  | Reached skill level 1 in Poison Magic
  1825 | Ossuary  | Reached XP level 5. HP: 43/43 MP: 5/7
  1917 | Ossuary  | Noticed Menkaure
  1932 | Ossuary  | Mangled by Menkaure

Illustrated notes

Levels and vault maps discovered:
D:1:      lightli_arrival_flooded_house, layout_basic,
          shapermc_ecumenical_altar_starsandcircs,
          chequers_serial_rivers_large_b
D:2:      layout_basic, hangedman_decor_growths
D:3:      layout_loops_cross
D:4:      layout_loops_corners, nicolae_sif_muna_condensation,
          lightli_ossuary_entry_decrepit_ruins, kennysheep_generic_room_9,
          uniq_edmund, uniq_blork_the_orc
Ossuary:  ossuary_due_pyramid

Skill      XL: |  1  2  3  4 |
---------------+-------------+-----
Invocations    | 1 |  1.7
Short Blades   | 1 |  1.5
Long Blades    | 1 |  1.5
Axes           | 1 |  1.5
Maces & Flails | 1 |  1.5
Polearms       | 1 |  1.5
Staves         | 1 |  1.5
Throwing       | 1 |  1.5
Armour         | 1 |  1.5
Shields        | 1 |  1.5
Unarmed Combat | 1 |  1.5
Spellcasting   | 1 |  1.5
Evocations     | 1 |  1.5
Conjurations   | 1 |  1.2
Hexes          | 1 |  1.2
Summonings     | 1 |  1.2
Necromancy     | 1 |  1.2
Translocations | 1 |  1.2
Transmutations | 1 |  1.2
Fire Magic     | 1 |  1.2
Ice Magic      | 1 |  1.2
Air Magic      | 1 |  1.2
Earth Magic    | 1 |  1.2
Poison Magic   | 1 |  1.2
Fighting       | |  4.8
Ranged Weapons | |  8.6
Dodging        | |  4.8
Stealth        | |  2.8

Action                     |  1- 3 |  4- 6 || total
---------------------------+-------+-------++-------
   Fire: Shortbow          |    93 |   155 ||   248
    Use: Scroll            |     2 |       ||     2
 Armour: Leather armour    |     4 |     2 ||     6
  Dodge: Dodged            |    19 |    10 ||    29

Table legend: (Time is in decaauts)
 A = Elapsed time spent in this place.
 B = Non-inter-level travel time spent in this place.
 C = Inter-level travel time spent in this place.
 D = Time resting spent in this place.
 E = Time spent auto-exploring this place.
 F = Levels seen in this place.
 G = Mean time per level.
                   A        B        C        D        E       F      G
               +--------+--------+--------+--------+--------+-----+--------+
         Total |   1985 |   1910 |     75 |    101 |   1342 |   5 |  397.0 |
       Dungeon |   1542 |   1467 |     75 |    101 |   1111 |   4 |  385.5 |
       Ossuary |    442 |    442 |      0 |      0 |    231 |   1 |  442.0 |
               +--------+--------+--------+--------+--------+-----+--------+

Top non-repeatable levels by time:
     D:1: 794 daAuts
     D:2: 476 daAuts
 Ossuary: 442 daAuts
     D:3: 218 daAuts
     D:4: 53 daAuts
